 Dungeon Crawl Stone Soup version 0.23-a0-539-g3f6f39f (webtiles) character file.

208508 Petrovich the Devastator (level 17, -2/126 HPs)
             Began as a Demigod Earth Elementalist on Dec 7, 2018.
             Killed from afar by a deep elf knight (41 damage)
             ... with a shard of ice
             ... on level 12 of the Dungeon.
             The game lasted 03:22:31 (43572 turns).

Petrovich the Devastator (DgEE)                    Turns: 43572, Time: 03:22:31

Health: -2/126     AC:  9    Str: 11    XL:     17   Next: 50%
Magic:  2/41       EV: 18    Int: 29    God:
Gold:   4284       SH:  9    Dex: 19    Spells: 1/46 levels left

rFire    . . .     SeeInvis .   e - staff of energy {!a}
rCold    . . .     Gourm    .   v - +0 buckler
rNeg     . . .     Faith    .   K - +2 robe {Archmagi}
rPois    +         Spirit   .   f - +1 helmet
rElec    .         Reflect  +   P - scarf {repulsion}
rCorr    .         Harm     .   h - +2 pair of gloves {Dex+3}
MR       +....                  (no boots)
Stlth    ++........             z - +3 amulet of reflection
HPRegen  0.31/turn              l - ring of poison resistance
MPRegen  0.27/turn              j - ring of the Tarantula {Wiz +Inv}

@: about to teleport, repel missiles
A: high mp 1
}: 1/15 runes: decaying
a: Evoke Invisibility


You were on level 12 of the Dungeon.
You were not hungry.

You visited 4 branches of the dungeon, and saw 27 of its levels.
You also visited: Sewer, Ice Cave and Volcano.

You collected 5047 gold pieces.
You spent 763 gold pieces at shops.

Inventory:

Missiles
 g - 3 throwing nets
 q - 356 stones (quivered)
Armour
 f - a +1 helmet (worn)
 h - a +2 pair of gloves of dexterity (worn)
 v - a +0 buckler (worn)
 K - a +2 robe of the Archmagi (worn)
 P - a scarf of repulsion (worn)
Magical Staves
 e - an uncursed staff of energy (weapon) {!a}
 r - an uncursed staff of earth {!a}
 Q - an uncursed staff of air {!a}
Jewellery
 j - the ring of the Tarantula (right hand) {Wiz +Inv}
   (You took it off an orc warrior on level 13 of the Dungeon)

   [ring of wizardry]

   It improves your spell success rate.
   It lets you turn invisible.
 l - a ring of poison resistance (left hand)
 p - an uncursed ring of protection from cold
 s - an uncursed ring of protection from fire
 z - a +3 amulet of reflection (around neck)
 E - a +4 ring of evasion
 L - an uncursed ring of protection from fire
 Z - an uncursed ring of protection from magic
Wands
 c - a wand of scattershot (8)
 t - a wand of iceblast (7)
 w - a wand of paralysis (14)
 G - a wand of digging (15)
 H - a wand of acid (16)
Scrolls
 a - 7 scrolls of amnesia
 b - 5 scrolls of blinking
 i - 3 scrolls of identify
 B - a scroll of immolation {!r}
 F - 3 scrolls of fear
 J - a scroll of vulnerability {!r}
 M - a scroll of magic mapping
 O - 4 scrolls of fog
 R - 12 scrolls of remove curse
 T - 6 scrolls of teleportation
Potions
 m - 4 potions of magic
 n - 4 potions of mutation {!q}
 u - 3 potions of flight
 x - 8 potions of ambrosia
 A - 6 potions of haste
 C - 14 potions of curing
 D - 7 potions of agility
 I - 4 potions of brilliance
 S - 3 potions of might
 V - 2 potions of cancellation
 W - 8 potions of lignification {!q}
 X - 3 potions of heal wounds
Comestibles
 d - 48 rations


   Skills:
 - Level 5.0 Fighting
 + Level 7.5 Dodging
 - Level 2.0 Stealth
 - Level 4.0 Shields
 - Level 15.0 Spellcasting
 + Level 16.7 Conjurations
 + Level 7.1 Summonings
 - Level 0.8 Transmutations
 - Level 12.0 Earth Magic
 + Level 7.1 Evocations


You had one spell level left.
You knew the following spells:

 Your Spells              Type           Power        Failure   Level  Hunger
a - Sandblast             Erth           ######       0%          1    None
d - Lee's Rapid Deconstr  Erth           #######...   1%          5    None
i - Iron Shot             Conj/Erth      ########..   1%          6    None
m - Bolt of Magma         Conj/Fire/Erth #######...   1%          5    None
o - Orb of Destruction    Conj           ########..   1%          7    None
r - Petrify               Tmut/Erth      ######..     1%          4    None
s - Iskenderun's Battles  Conj/Chrm      #######.     1%          5    None
J - Aura of Abjuration    Summ           #######...   1%          5    None
S - Spellforged Servitor  Conj/Summ      #######...   6%          7    None

Your spell library contained the following spells:

 Spells                   Type           Power        Failure   Level  Hunger
 Flame Tongue             Conj/Fire      #####        1%          1    None
 Freeze                   Ice            ####         1%          1    None
 Shock                    Conj/Air       ####         1%          1    None
 Searing Ray              Conj           ######       0%          2    None
 Stone Arrow              Conj/Erth      ######       0%          3    None
 Iskenderun's Mystic Bla  Conj           ########     0%          4    None
 Call Imp                 Summ           #######.     1%          2    None
 Passwall                 Tmut/Erth      ######..     1%          2    None
 Swiftness                Chrm/Air       ####....     1%          2    None
 Throw Frost              Conj/Ice       ######       1%          2    None
 Dazzling Spray           Conj/Hex       ######       1%          3    None
 Recall                   Summ/Tloc      N/A          1%          3    None
 Static Discharge         Conj/Air       #######.     1%          3    None
 Summon Guardian Golem    Hex/Summ       ######..     1%          3    None
 Fulminant Prism          Conj/Hex       #######...   1%          4    None
 Leda's Liquefaction      Hex/Erth       ######....   1%          4    None
 Sticky Flame             Conj/Fire      #######.     1%          4    None
 Throw Icicle             Conj/Ice       #######.     1%          4    None
 Lightning Bolt           Conj/Air       #######...   1%          5    None
 Summon Demon             Summ           #######...   1%          5    None
 Venom Bolt               Conj/Pois      #######...   1%          5    None
 Inner Flame              Hex/Fire       ####....     2%          3    None
 Ozocubu's Armour         Chrm/Ice       ####....     2%          3    None
 Tukima's Dance           Hex            ####....     2%          3    None
 Summon Ice Beast         Ice/Summ       ######..     2%          4    None
 Bolt of Cold             Conj/Ice       #######...   4%          6    None
 Summon Forest            Summ/Tloc      ######....   6%          5    None
 Summon Mana Viper        Hex/Summ       ######..     6%          5    None
 Ice Form                 Ice/Tmut       #####...     8%          4    None
 Shadow Creatures         Summ           N/A          8%          6    None
 Airstrike                Air            ####......   9%          4    None
 Cause Fear               Hex            ####......   9%          4    None
 Passage of Golubria      Tloc           N/A          9%          4    None
 Statue Form              Tmut/Erth      ######...    10%         6    None
 Freezing Cloud           Conj/Ice/Air   ######....   14%         6    None
 Yara's Violent Unravell  Hex/Tmut       #####.....   21%         5    None
 Excruciating Wounds      Chrm/Necr      ####......   24%         5    None
 Metabolic Englaciation   Hex/Ice        ####......   24%         5    None
 Silence                  Hex/Air        ####......   24%         5    None
 Darkness                 Hex            ####......   77%         6    None
 Deflect Missiles         Chrm/Air       ####......   77%         6    None
 Invisibility             Hex            ####....     77%         6    None
 Ozocubu's Refrigeration  Ice            ####......   77%         6    None
 Simulacrum               Ice/Necr       ####......   77%         6    None
 Malign Gateway           Summ/Tloc      ######....   85%         7    None
 Discord                  Hex            ####......   100%        8    None


Dungeon Overview and Level Annotations

Branches:
Dungeon (15/15)            Temple (0/1) D:5            Lair (6/6) D:9
  Swamp (4/4) Lair:2       Spider (0/4) Lair:2        Slime (0/5) Lair:6
    Orc (2/2) D:9             Elf (0/3) Orc:2        Vaults (0/5) D:13
 Depths (0/5) D:15

Shops:
D:15 }   Orc:2 %[?!

Annotations:
D:12 Patuf's ghost, journeyman DsGl


Innate Abilities, Weirdness & Mutations

You have an increased reservoir of magic. (+10% MP)


Message History

The tengu warrior dies!
The merfolk impaler hits you from afar with a +1 antimagic demon trident!!
You feel your power leaking away.
As you read the scroll of teleportation, it crumbles to dust.
You feel strangely unstable.
Your spellforged servitor hums quietly as it recharges.
You hear some strange, mumbled words.
A shard of ice appears from out of thin air!
The shard of ice misses you. The merfolk impaler closely misses you.
The merfolk impaler hits you from afar with a +1 antimagic demon trident.
You feel your power leaking away. Something hits you!!
Your spellforged servitor points at Patuf's ghost and mumbles some strange The wall shatters!
The blast of rock fragments hits Patuf's ghost.
Something hits you.
You hear some strange, mumbled words.
A shard of ice appears from out of thin air!
The shard of ice hits you!
You die...

.##....+.......'....#
#.....#
..#....#.......#..(.#
#.....#
..#....#.......#....#
#.....#
..'....#.......#....#
#.....'
########.......#....#
#.....#
...............#....#
#.....#
...............'....#
#.....#
...............#....#
#.....#
...............#@...#
#.....#
...............#....#
#.....#
...............#.Q..#
#......
..####'#########m...#
##'###.
..#............8)...#
#....#.
..#.............)W..#
#....#.
..#.......>.....)(..#
#....#.
..#...............(.#####
#....#.
..#....#####'##...).....#
#....#.


You could see a merfolk impaler, a tengu warrior, Patuf's ghost and a friendly
spellforged servitor.

Vanquished Creatures
  Nikola (Swamp:3)
  A tentacled monstrosity (Swamp:3)
  Jorgrun (Swamp:1)
  2 thorn hunters
  Roxanne (Swamp:3)
  Gastronok (Lair:2)
  Frances (D:12)
  A frost giant (IceCv)
  A very ugly thing (Swamp:2)
  2 ettins
  3 fire dragons
  A yaktaur captain (D:15)
  Erolcha (D:9)
  3 ice dragons (Swamp:4)
  An ogre mage (D:13)
  Harold (D:9)
  A naga warrior (D:12)
  A shambling mangrove (Swamp:1)
  An anaconda (shapeshifter) (D:13)
  13 hydras
  Erica (Lair:1)
  6 centaur warriors
  2 death knights
  4 two-headed ogres
  18 alligators
  10 death yaks
  5 tengu warriors
  3 orc high priests (Orc:2)
  The ghost of Fingolfin the Cleaver, a novice MiBe of Trog (D:8)
  A hell knight (Volcano)
  7 skeletal warriors
  A flayed ghost (D:13)
  3 unseen horrors
  A wizard (D:14)
  3 spriggan druids
  7 swamp dragons
  A lindwurm (Lair:6)
  6 orc sorcerers (Orc:2)
  2 deep elf magi
  8 orc knights
  2 ugly things
  4 cyclopes
  4 manticores
  9 elephants
  3 black mambas
  A molten gargoyle (Volcano)
  11 spiny frogs
  3 gargoyles
  6 centaur skeletons
  5 torpor snails (Lair:6)
  9 komodo dragons
  4 rime drakes
  3 kobold demonologists
  3 yaktaurs
  8 freezing wraiths
  19 polar bears
  8 trolls
  A tengu conjurer (D:14)
  6 jumping spiders (Lair:2)
  A wind drake (shapeshifter) (D:13)
  16 tyrant leeches
  17 hornets
  6 dream sheep (Lair:5)
  21 blink frogs
  9 hippogriffs
  7 bog bodies
  18 slime creatures
  2 redbacks (Lair:2)
  12 spriggans
  5 shadows
  52 yaks
  3 wraiths
  A wyvern (Lair:4)
  3 hungry ghosts
  3 basilisks
  4 swamp worm simulacra (Swamp:4)
  2 steam dragons
  22 vampire mosquitoes
  8 insubstantial wisps
  12 swamp worms
  8 acid dragons
  A warg (Orc:2)
  2 soldier ants
  12 water moccasins
  6 porcupines
  12 hydra simulacra (Swamp:4)
  6 swamp drakes
  23 orc warriors
  A porcupine (shapeshifter) (D:15)
  13 ice beasts
  A necrophage (D:7)
  A black bear (D:5)
  A hornet zombie (D:14)
  3 sky beasts
  2 eyes of draining
  3 phantoms
  29 wolves
  A boggart (D:13)
  9 ogres
  13 centaurs
  4 big kobolds
  22 crocodiles
  17 bullfrogs
  4 scorpions
  15 killer bees
  9 wights
  2 howler monkeys
  A lava snake (Volcano)
  7 crimson imps
  A bullfrog zombie (D:11)
  3 centaur zombies
  4 jellies
  A quasit (D:5)
  7 hounds
  23 orc priests
  31 orc wizards
  8 iguanas
  13 worker ants
  A hound zombie (D:9)
  2 hound skeletons
  7 gnolls
  15 adders
  2 shadow imps
  3 swamp drake simulacra (Swamp:4)
  2 adder skeletons
  2 worms
  2 dart slugs (D:1)
  5 leopard geckos
  98 orcs
  2 ball pythons
  11 giant cockroaches
  11 goblins
  7 hobgoblins
  12 jackals
  21 kobolds
  3 quokkas
  A ball python skeleton (D:4)
  6 bats
  8 frilled lizards
  2 leopard gecko skeletons
  A leopard gecko zombie (D:5)
  11 rats
  A butterfly (Lair:2)
  2 fungi (Lair:6)
  3 plants (Lair:6)
1021 creatures vanquished.

Vanquished Creatures (collateral kills)
  A tentacled monstrosity (Swamp:4)
  A hydra (Swamp:4)
  A tengu warrior (D:12)
  3 ugly things (Swamp:3)
  A spiny frog (Swamp:3)
  2 tyrant leeches (Swamp:4)
  2 hornets (Swamp:3)
  A bog body (Swamp:3)
  A spriggan (Swamp:3)
  A swamp worm simulacrum (Swamp:4)
  An insubstantial wisp (Swamp:4)
  2 swamp worms (Swamp:3)
  4 hydra simulacra (Swamp:4)
  A swamp drake (Swamp:3)
  A centaur (D:10)
23 creatures vanquished.

Vanquished Creatures (others)
  An alligator (Swamp:4)
  A yak (IceCv)
  A wolf (IceCv)
  9 fungi
  17 plants
29 creatures vanquished.

Grand Total: 1073 creatures vanquished

Notes
Turn   | Place    | Note
-------+----------+-------------------------------------------
     0 | D:1      | Petrovich the Demigod Earth Elementalist began the quest
                  | for the Orb.
     0 | D:1      | Reached XP level 1. HP: 14/14 MP: 5/5
   219 | D:1      | Reached XP level 2. HP: 20/20 MP: 4/7
   705 | D:1      | Reached XP level 3. HP: 26/26 MP: 7/9
   713 | D:1      | Learned a level 3 spell: Stone Arrow
  1085 | D:2      | Found a white marble altar of Elyvilon.
  1726 | D:2      | Reached XP level 4. HP: 33/33 MP: 2/10
  3062 | D:3      | Reached XP level 5. HP: 38/38 MP: 5/12
  3123 | D:3      | Reached skill level 5 in Earth Magic
  3280 | D:3      | Found a shattered altar of Ashenzari.
  3674 | D:4      | Learned a level 5 spell: Lee's Rapid Deconstruction
  3900 | D:4      | Found an ornate altar of the Wu Jian Council.
  3901 | D:4      | Found a snail-covered altar of Cheibriados.
  3987 | D:4      | Reached XP level 6. HP: 45/45 MP: 7/14
  4770 | D:5      | Entered Level 5 of the Dungeon
  4886 | D:5      | Found a staircase to the Ecumenical Temple.
  4888 | D:5      | Reached XP level 7. HP: 50/50 MP: 11/16
  5054 | D:5      | Found a glowing drain.
  5085 | Sewer    | Entered a sewer
  5770 | D:5      | Found a stormy altar of Qazlal.
  6707 | D:5      | Reached XP level 8. HP: 57/57 MP: 2/19
  6896 | D:6      | Reached skill level 5 in Spellcasting
  7299 | D:6      | Noticed a hippogriff
  7311 | D:6      | Killed a hippogriff
  7572 | D:6      | Noticed a hornet
  7577 | D:6      | Killed a hornet
  8828 | D:7      | Reached XP level 9. HP: 63/63 MP: 15/22
  8830 | D:7      | Got a translucent quarterstaff
  8831 | D:7      | Identified the cursed +1 quarterstaff "Banisher" {crush,
                  | Dex+3 Stlth+} (You found it on level 7 of the Dungeon)
  8932 | D:7      | Reached skill level 1 in Fighting
  8932 | D:7      | Reached skill level 1 in Shields
  9901 | D:8      | Found a runed door.
  9901 | D:8      | Noticed Fingolfin's ghost (novice MiBe)
 10009 | D:8      | Identified the cursed +2 trident "Ogre's Demise" {protect,
                  | +Blink MP-9 Str+2}
 10019 | D:7      | Learned a level 4 spell: Petrify
 10296 | D:8      | Reached skill level 10 in Earth Magic
 11299 | D:8      | Found a glowing silver altar of Zin.
 11665 | D:9      | Found a staircase to the Lair.
 11665 | D:9      | Noticed an elephant
 11671 | D:9      | Reached XP level 10. HP: 77/77 MP: 19/25
 11685 | D:8      | Killed an elephant
 11783 | D:9      | Found a hazy altar of Hepliaklqana.
 11860 | D:9      | Noticed Harold
 12122 | D:9      | Killed Harold
 12515 | D:9      | Found a staircase to the Orcish Mines.
 13156 | D:9      | Noticed a two-headed ogre
 13174 | D:9      | Killed a two-headed ogre
 13503 | D:8      | Reached skill level 5 in Dodging
 13503 | D:8      | Reached XP level 11. HP: 38/82 MP: 1/28
 13965 | D:9      | Noticed Erolcha
 14046 | D:9      | Killed Erolcha
 14135 | D:10     | Entered Level 10 of the Dungeon
 14626 | D:10     | Found Gunab's Distillery.
 14632 | D:10     | Bought a potion of curing for 39 gold pieces
 14632 | D:10     | Bought a potion of cancellation for 104 gold pieces
 14632 | D:10     | Bought a potion of lignification for 39 gold pieces
 14632 | D:10     | Bought a potion of curing for 39 gold pieces
 14632 | D:10     | Bought a potion of haste for 130 gold pieces
 14632 | D:10     | Bought a potion of mutation for 104 gold pieces
 15938 | D:11     | Reached skill level 10 in Spellcasting
 16004 | D:11     | Found a shimmering altar of Xom.
 16529 | D:12     | Noticed Frances
 16598 | D:12     | Found a gate leading to a gauntlet.
 16616 | D:12     | Found a frozen archway.
 16754 | IceCv    | Entered an ice cave
 17674 | IceCv    | Reached XP level 12. HP: 89/92 MP: 20/31
 18252 | IceCv    | Noticed a frost giant
 18267 | IceCv    | Killed a frost giant
 18267 | IceCv    | Reached skill level 5 in Fighting
 18674 | D:12     | Noticed a death knight
 18867 | Lair:1   | Entered Level 1 of the Lair of Beasts
 18867 | Lair:1   | Noticed an eight-headed hydra
 18871 | Lair:1   | Killed an eight-headed hydra
 18936 | Lair:1   | Reached skill level 1 in Conjurations
 18973 | Lair:1   | Noticed Erica
 19013 | Lair:1   | Killed Erica
 19013 | Lair:1   | Reached skill level 2 in Conjurations
 19031 | Lair:1   | Found a dark tunnel.
 19033 | Lair:1   | Noticed a seven-headed hydra
 19038 | Lair:1   | Killed a seven-headed hydra
 19038 | Lair:1   | Reached skill level 3 in Conjurations
 19124 | Volcano  | Entered a volcano
 19183 | Volcano  | Found a bloodstained altar of Trog.
 19183 | Volcano  | Noticed a centaur warrior
 19190 | Volcano  | Killed a centaur warrior
 19190 | Volcano  | Reached skill level 4 in Conjurations
 19477 | Volcano  | Reached skill level 5 in Conjurations
 20467 | Lair:2   | Reached skill level 6 in Conjurations
 20572 | Lair:2   | Reached XP level 13. HP: 96/100 MP: 26/33
 20638 | Lair:2   | Noticed Gastronok
 20800 | Lair:2   | Reached skill level 7 in Conjurations
 21245 | Lair:2   | Found a staircase to the Swamp.
 21248 | Lair:2   | Found a hole to the Spider Nest.
 21680 | Lair:3   | Reached skill level 8 in Conjurations
 22014 | Lair:3   | Reached skill level 9 in Conjurations
 22960 | Lair:4   | Reached skill level 10 in Conjurations
 24910 | Lair:5   | Reached skill level 11 in Conjurations
 25091 | Lair:6   | Entered Level 6 of the Lair of Beasts
 25732 | Lair:5   | Reached XP level 14. HP: 107/107 MP: 20/35
 25887 | Lair:6   | Identified 3 scrolls of acquirement
 26666 | Lair:6   | Found a staircase to the Slime Pits.
 26909 | Lair:6   | Found a runed door.
 26953 | Lair:6   | Reached skill level 12 in Conjurations
 27137 | Lair:6   | Reached XP level 15. HP: 113/113 MP: 37/37
 28040 | Lair:6   | Reached skill level 13 in Conjurations
 28964 | D:8      | Killed Fingolfin's ghost
 29076 | Orc:1    | Entered Level 1 of the Orcish Mines
 29478 | Orc:2    | Entered Level 2 of the Orcish Mines
 32355 | Orc:2    | Found a staircase to the Elven Halls.
 32867 | Orc:2    | Found Isusane's Distillery.
 32867 | Orc:2    | Found Ogis's Food Boutique.
 32869 | Orc:2    | Found Daqaunif's Antique Armour Shoppe.
 32874 | Orc:2    | Found Ifiuca's Magic Scroll Shoppe.
 32876 | Orc:2    | Bought a potion of invisibility for 88 gold pieces
 32883 | Orc:2    | Bought a scroll of vulnerability for 97 gold pieces
 32883 | Orc:2    | Bought a scroll of amnesia for 45 gold pieces
 32883 | Orc:2    | Bought a scroll of identify for 26 gold pieces
 32883 | Orc:2    | Bought a scroll of identify for 26 gold pieces
 32883 | Orc:2    | Bought a scroll of identify for 26 gold pieces
 33659 | D:12     | Found a runed gate.
 33659 | D:12     | Found a runed gate.
 33659 | D:12     | Found a runed gate.
 33668 | D:12     | Identified the cursed +0 great mace of Taheff {elec, rElec}
 33668 | D:12     | Noticed Patuf's ghost (journeyman DsGl)
 33669 | D:12     | Found an iron altar of Okawaru.
 34377 | D:13     | Found a gate to the Vaults.
 35051 | D:13     | Identified the +9 broad axe of Xeoblos {drain, rN+ Int+2
                  | Dex+2}
 35051 | D:13     | Identified the ring of the Tarantula {Wiz +Inv}
 35195 | D:13     | Identified the cursed +0 robe of Limited Liability {rF+++
                  | Int-4}
 35301 | D:13     | Reached skill level 1 in Evocations
 35329 | D:13     | Reached skill level 14 in Conjurations
 35610 | D:13     | Reached XP level 16. HP: 119/119 MP: 7/40
 37101 | D:15     | Entered Level 15 of the Dungeon
 37101 | D:15     | Found a sparkling altar of Nemelex Xobeh.
 37111 | D:15     | Found a shadowy altar of Dithmenos.
 37369 | D:15     | Reached skill level 15 in Spellcasting
 37568 | D:15     | Found Kymilee's Gadget Boutique.
 37605 | D:15     | Reached skill level 5 in Evocations
 38267 | D:15     | Found a staircase to the Depths.
 38399 | D:15     | Identified the Collected Works on Slavery and the Oath (You
                  | acquired it on level 15 of the Dungeon)
 38410 | D:15     | Learned a level 6 spell: Iron Shot
 38418 | D:15     | Learned a level 7 spell: Orb of Destruction
 38424 | D:15     | Learned a level 5 spell: Iskenderun's Battlesphere
 38424 | D:15     | Identified the Reference Book on Hurtful Augmentations (You
                  | acquired it on level 15 of the Dungeon)
 38507 | D:13     | Learned a level 7 spell: Spellforged Servitor
 38513 | D:13     | Learned a level 5 spell: Bolt of Magma
 38621 | D:12     | Killed Frances
 38842 | Swamp:1  | Entered Level 1 of the Swamp
 38861 | Swamp:1  | Reached skill level 1 in Summonings
 39009 | Swamp:1  | Noticed Jorgrun
 39034 | Swamp:1  | Killed Jorgrun
 40047 | Swamp:2  | Reached skill level 15 in Conjurations
 40283 | Swamp:2  | Reached skill level 5 in Summonings
 40589 | Swamp:3  | Noticed a tentacled monstrosity
 40626 | Swamp:3  | Noticed Nikola
 41023 | Swamp:3  | Identified Roxanne's Catalogue of Earth
 41023 | Swamp:3  | Noticed Roxanne
 41086 | Swamp:3  | Reached XP level 17. HP: 98/126 MP: 10/41
 41116 | Swamp:3  | Killed Nikola
 41348 | Swamp:3  | Reached skill level 16 in Conjurations
 41589 | Swamp:3  | Killed Roxanne
 41676 | Swamp:3  | Killed a tentacled monstrosity
 41709 | Swamp:4  | Entered Level 4 of the Swamp
 41955 | Swamp:4  | Noticed a tentacled monstrosity
 41962 | Swamp:4  | Killed a tentacled monstrosity
 42801 | Swamp:4  | Got a decaying rune of Zot
 42941 | Lair:2   | Killed Gastronok
 43024 | Lair:2   | Learned a level 5 spell: Aura of Abjuration
 43572 | D:12     | Killed from afar by a deep elf knight

Vault maps used:
D:1:      sevenhm_arrival_forest_fort_small_4, chequers_serial_rivers_marsh
D:2:      elyvilon_altar_1
D:3:      ashenzari_altar_1, kennysheep_generic_room_4
D:4:      gammafunk_temple_overflow_pools
D:5:      cheibrodos_barr_body, nicolae_qazlal_eye_of_the_storm,
          minmay_temple_entry_statues_pillars, portal_sewer_entry_d,
          first_ration
D:7:      minmay_a_box_with_orc_wizards_in_it
D:8:      nicolae_overflow_hidden_temple, ebering_ghost_funeral_grove,
          hangedman_pestilent_swarm
D:9:      hangedman_cross_stitches, lemuel_crystal_altar, david_lair_generic,
          hiddenorc2_lemuel, uniq_harold, uniq_erolcha
D:10:     serial_shops, shop, chequers_serial_rivers_micro_c, centaur_isle
D:11:     basic_altar
D:12:     portal_ice_cave_entry_ice_beasts, gauntlet_entry_generic,
          gammafunk_ghost_fury_of_okawaru, uniq_frances
D:13:     minmay_the_grid_square_5x5_4x4_mashed, david_vaults_2
D:14:     serial_park_tiny_1, hangedman_decor_growths
D:15:     grunt_enter_depths_snipers, serial_shops,
          nicolae_shop_competitors_out_of_business,
          nicolae_dithmenos_shadow_blocks, nemelex_xobeh_ov_fountains_minmay
Lair:1:   nicolae_volcano_entry_two_sided, cheibrodos_lair_lostbears, uniq_erica
Lair:2:   minmay_swamp_entry_reptiles, nicolae_spider_entry_tight_spaces,
          chequers_serial_rivers_micro_a, beast_lair_carwin_1,
          lemuel_fruit_fields, lemuel_fruit_tree, uniq_gastronok
Lair:3:   wander_river, serial_rivers, chequers_serial_rivers_small_a,
          chequers_serial_rivers_micro_a, chequers_serial_rivers_micro_d,
          chequers_serial_rivers_large_b, chequers_serial_rivers_micro_c
Lair:4:   grunt_megastairs_3, serial_bayou_shore_b, serial_bayou_shore_a
Lair:5:   statuecave_lemuel, serial_bayou_shore_b
Lair:6:   guppyfry_lair_end_dragon, wormcave, minmay_slime_entry_pillars,
          infiniplex_staircase_pool
Swamp:1:  evilmike_swamp_ruin_rubble_2, infiniplex_staircase_pool_2,
          uniq_jorgrun
Swamp:2:  evilmike_swamp_ruin_house_1
Swamp:3:  hangedman_swamp_pad, uniq_roxanne, uniq_nikola
Swamp:4:  swamp_icy
Orc:2:    st_orc_elflike
Sewer:    sewer_frog_island_01
IceCv:    ice_cave_caverns_03
Volcano:  volcano_lake

Skill      XL: |  1  2  3  4  5  6  7  8  9 10 11 12 13 14 15 16 17 |
---------------+----------------------------------------------------+-----
Earth Magic    | 3 4 5 6 7 9 10 11 12 | 12.0
Spellcasting   | 2 3 4 6 7 8 10 12 14 15 | 15.0
Dodging        | 2 3 5 6 7 |  7.5
Fighting       | 3 4 5 |  5.0
Shields        | 2 4 |  4.0
Conjurations   | 6 11 12 14 15 16 | 16.7
Stealth        | 2 |  2.0
Evocations     | 2 7 |  7.1
Summonings     | 5 7 |  7.1
Transmutations | |  0.8

Action                   |  1- 3 |  4- 6 |  7- 9 | 10-12 | 13-15 | 16-18 || total
-------------------------+-------+-------+-------+-------+-------+-------++-------
Melee: Club              |     2 |       |       |       |       |       ||     2
       Dagger            |    35 |    35 |     1 |     5 |     7 |       ||    83
       Quarterstaff      |       |       |     1 |       |       |       ||     1
       Flail             |       |       |       |     8 |    42 |       ||    50
       Staff             |       |       |       |       |       |    22 ||    22
 Fire: Blowgun           |       |     5 |    10 |       |       |       ||    15
Throw: Throwing net      |       |     2 |       |       |       |       ||     2
       Stone             |       |       |     8 |     1 |    10 |       ||    19
 Cast: Sandblast         |    37 |    22 |    73 |   220 |   268 |   114 ||   734
       Stone Arrow       |     9 |    79 |   128 |   134 |   165 |    21 ||   536
       Lee's Rapid Decon |       |       |     8 |    80 |   311 |   109 ||   508
       Petrify           |       |       |       |     2 |    28 |     2 ||    32
       Iron Shot         |       |       |       |       |       |   112 ||   112
       Orb of Destructio |       |       |       |       |       |    72 ||    72
       Iskenderun's Batt |       |       |       |       |       |    37 ||    37
       Bolt of Magma     |       |       |       |       |       |    11 ||    11
       Spellforged Servi |       |       |       |       |       |     9 ||     9
Evoke: Wand              |       |       |     3 |    20 |    15 |     5 ||    43
       Staff of energy   |       |       |       |       |    40 |   592 ||   632
  Use: Scroll            |       |       |    11 |    12 |    15 |    13 ||    51
       Potion            |       |       |       |     3 |     3 |     3 ||     9
 Stab: Sleeping          |     4 |       |       |       |       |       ||     4
       Distracted        |       |       |       |     1 |       |       ||     1
       Petrified         |       |       |       |       |     7 |       ||     7
  Eat: Chunk             |     4 |    15 |    24 |    32 |    47 |    36 ||   158
       Ration            |       |       |     1 |     2 |     2 |     6 ||    11
Armor: Robe              |     8 |    11 |     1 |     9 |    28 |    12 ||    69
       Leather armour    |       |       |       |     3 |     5 |       ||     8
Dodge: Dodged            |    45 |    40 |    51 |   119 |   196 |    83 ||   534
       Deflected         |       |       |       |     2 |     7 |    13 ||    22
Block: Buckler           |       |       |       |    38 |    71 |    23 ||   132
       Reflection        |       |       |       |       |       |     1 ||     1

Table legend:
 A = Non-vault XP
 B = Vault XP
 C = Vault XP percentage of total XP
 D = Non-vault monster count
 E = Vault monster count
 F = Vault count percentage of total count
                 A         B        C        D         E       F
            +---------+---------+-------+---------+---------+-------
      Total |  165029 |   88537 |  34.9 |     719 |     319 |  30.7
            +---------+---------+-------+---------+---------+-------
        D:1 |      52 |       0 |   0.0 |      29 |       0 |   0.0
        D:2 |     107 |       0 |   0.0 |      20 |       0 |   0.0
        D:3 |     155 |       2 |   1.3 |      31 |       1 |   3.1
        D:4 |     498 |       0 |   0.0 |      20 |       0 |   0.0
        D:5 |     420 |     359 |  46.1 |      21 |       8 |  27.6
        D:6 |    1396 |       0 |   0.0 |      19 |       0 |   0.0
        D:7 |     728 |     227 |  23.8 |      13 |       6 |  31.6
        D:8 |    2150 |    2545 |  54.2 |      43 |      10 |  18.9
        D:9 |    3075 |    4225 |  57.9 |      21 |      48 |  69.6
       D:10 |    2525 |     652 |  20.5 |      25 |       6 |  19.4
       D:11 |    2095 |       0 |   0.0 |      18 |       0 |   0.0
       D:12 |    6813 |    6063 |  47.1 |      23 |      14 |  37.8
       D:13 |   10186 |   14144 |  58.1 |      30 |      38 |  55.9
       D:14 |    9958 |       0 |   0.0 |      27 |       0 |   0.0
       D:15 |   11455 |    2411 |  17.4 |      31 |       3 |   8.8
     Lair:1 |    3110 |    1734 |  35.8 |       8 |       4 |  33.3
     Lair:2 |    2978 |    6319 |  68.0 |      15 |      20 |  57.1
     Lair:3 |    6487 |       0 |   0.0 |      16 |       0 |   0.0
     Lair:4 |    5598 |     112 |   2.0 |      24 |       1 |   4.0
     Lair:5 |   12383 |       0 |   0.0 |      34 |       0 |   0.0
     Lair:6 |    7023 |   11094 |  61.2 |      24 |      33 |  57.9
    Swamp:1 |   14239 |    3040 |  17.6 |      39 |       1 |   2.5
    Swamp:2 |   20311 |       0 |   0.0 |      38 |       0 |   0.0
    Swamp:3 |   19390 |    5403 |  21.8 |      37 |       2 |   5.1
    Swamp:4 |   12989 |    6969 |  34.9 |      33 |      31 |  48.4
      Orc:1 |    1769 |       0 |   0.0 |      24 |       0 |   0.0
      Orc:2 |    7139 |    8353 |  53.9 |      56 |      25 |  30.9
      Sewer |       0 |     111 | 100.0 |       0 |      14 | 100.0
      IceCv |       0 |   11292 | 100.0 |       0 |      45 | 100.0
    Volcano |       0 |    3482 | 100.0 |       0 |       9 | 100.0
            +---------+---------+-------+---------+---------+-------
